 Dungeon Crawl Stone Soup version 0.31.0-32-g396128a36d (webtiles) character file.

Game seed: 4552869867819948326

72 jagang the Slasher (level 4, 0/37 HPs)
             Began as a Human Monk on Mar 13, 2024.
             Slain by Sigmund
             ... wielding a +1 scythe of freezing
              (3 damage)
             ... on level 2 of the Dungeon.
             The game lasted 00:04:10 (1369 turns).

jagang the Slasher (Human Monk)                     Turns: 1369, Time: 00:04:12

Health: 0/37       AC:  3    Str: 12    XL:     4   Next: 25%
Magic:  4/4        EV: 13    Int: 10    God:
Gold:   129        SH:  0    Dex: 17    Spells: 3/3 levels left

rFire   . . .        a - +0 falchion
rCold   . . .        d - orb {light}
rNeg    . . .        b - +0 robe
rPois   .            (no helmet)
rElec   .            m - +0 cloak
rCorr   .            (no gloves)
SInv    .            (no boots)
Will    .....        (no amulet)
Stlth   +            (no ring)
HPRegen 0.26/turn    (no ring)
MPRegen 0.09/turn

%: no passive effects
@: glowing
A: explore regen
a: no special abilities


You were on level 2 of the Dungeon.
You visited 1 branch of the dungeon, and saw 2 of its levels.

You collected 129 gold pieces.

Inventory:

Hand Weapons
 a - a +0 falchion (weapon)
Missiles
 n - 2 poisoned darts (quivered)
Armour
 b - a +0 robe (worn)
 d - an orb of light (worn)
 j - a +0 tower shield
 m - a +0 cloak (worn)
Scrolls
 e - a scroll of teleportation {unknown}
 f - a scroll of torment {unknown}
 g - a scroll of fear {unknown}
 i - a scroll of amnesia {unknown}
Potions
 c - a potion of ambrosia
 h - 2 potions of mutation {unknown}
 k - a potion of might {unknown}
 l - a potion of attraction {unknown}


   Skills:
 + Level 3.6 Fighting
 * Level 4.3 Long Blades
 - Level 3.0 Dodging
 + Level 0.8 Shields


You had 3 spell levels left.
You didn't know any spells.
Your spell library was empty.

Dungeon Overview and Level Annotations

Branches:
Dungeon (2/15)

Altars:

Annotations:
D:2 Sigmund


Innate Abilities, Weirdness & Mutations

You regain HP and MP as you explore.


Message History

There is a stone staircase leading up, spattered with blood here.
You hit the hobgoblin.
You kill the hobgoblin!
You climb upwards.
There is a stone staircase leading down here.
You start resting.
HP restored.
You climb downwards.
Level annotation: Sigmund
There is a stone staircase leading up, spattered with blood here.
Sigmund hits you with a +1 scythe of freezing.
Sigmund freezes you.
You hit Sigmund.
Sigmund is lightly wounded.
Sigmund closely misses you.
You slash Sigmund!
Sigmund is moderately wounded.
You hit Sigmund.
Sigmund is heavily wounded.
Sigmund points at you and mumbles some strange words.
The puff of flame hits you!
You hit Sigmund.
Sigmund is heavily wounded.
Sigmund hits you with a +1 scythe of freezing.
Sigmund freezes you.
You completely miss Sigmund.
Sigmund is heavily wounded.
Sigmund points at you and mumbles some strange words.
You resist with some effort.
You hit Sigmund but do no damage.
Sigmund is heavily wounded.
Sigmund hits you with a +1 scythe of freezing!
Sigmund freezes you.
* * * LOW HITPOINT WARNING * * *
You hit Sigmund.
Sigmund is severely wounded.
Sigmund hits you with a +1 scythe of freezing.
* * * LOW HITPOINT WARNING * * *
Sigmund freezes you.
You die...
Sigmund begins carving another notch in his scythe.

##........ .[. #..
....#.## ....#####. .@.
#.# ######.# ##..# #.
#.#.# #.# #.# #..#
###.##.#.# #.# #.# #..#
#..$...#.# #.# #@# #..#
#......#.# #.# #.# #..#
.........#####.# #.# #..#
#..............########.#
.!..
#......#.@@<............#
#..#
#####......#############
###.##.# #[##.# ..##.#
#####.# #># #.# #.#


You could see Sigmund.

Vanquished Creatures
  A gnoll (D:1)
  3 adders (D:2)
  A ribbon worm (D:2)
  A dart slug (D:1)
  5 bats
  An endoplasm (D:1)
  2 giant cockroaches (D:1)
  3 goblins
  3 hobgoblins
  3 kobolds
  A quokka (D:2)
  2 ball pythons (D:1)
  4 frilled lizards
  2 rats (D:1)
32 creatures vanquished.

Notes
Turn   | Place    | Note
-------+----------+-------------------------------------------
     0 | D:1      | jagang the Human Monk began the quest for the Orb.
     0 | D:1      | Reached XP level 1. HP: 18/18 MP: 1/1
    24 | D:1      | Reached XP level 2. HP: 24/24 MP: 2/2
   390 | D:1      | Reached XP level 3. HP: 29/29 MP: 3/3
   817 | D:2      | Reached skill level 4 in Long Blades
   827 | D:2      | Noticed Sigmund
  1041 | D:2      | Reached XP level 4. HP: 25/36 MP: 4/4
  1369 | D:2      | Slain by Sigmund

Illustrated notes

Levels and vault maps discovered:
D:1:      onia_arrival_mini_spirals, layout_loops_cross
D:2:      layout_loops_ring, uniq_jessica, uniq_sigmund

Skill      XL: |  1  2  3 |
---------------+----------+-----
Long Blades    | 4 |  4.3
Fighting       | |  3.6
Dodging        | |  3.0
Shields        | |  0.8

Action                     |  1- 3 |  4- 6 || total
---------------------------+-------+-------++-------
  Melee: Falchion          |    76 |    21 ||    97
  Throw: Dart              |     6 |       ||     6
 Armour: Robe              |    45 |    14 ||    59
  Dodge: Dodged            |    57 |     8 ||    65
